 Dungeon Crawl Stone Soup version 0.21-a0-584-g185da8e (webtiles) character file.

9778 Amnesiac the Martial Artist (level 11, -1/75 HPs)
             Began as an Octopode Transmuter on Dec 20, 2017.
             Was an Elder of Okawaru.
             Slain by a gnoll
             ... wielding a +0 spear
              (4 damage)
             ... on level 10 of the Dungeon.
             The game lasted 00:17:04 (11565 turns).

Amnesiac the Martial Artist (Octopode Transmuter)  Turns: 11565, Time: 00:17:05

Health: -1/75      AC:  2    Str:  9    XL:     11   Next: 51%
Magic:  14/14      EV: 24    Int: 18    God:    Okawaru [****..]
Gold:   475        SH:  0    Dex: 26    Spells: 4/14 levels left

rFire    . . .     SeeInvis .     - Unarmed
rCold    . . .     Gourm    .   (no shield)
rNeg     . . .     Faith    .   M - +1 hat
rPois    .         Spirit   .   D - amulet of magic regeneration
rElec    .         Reflect  .   B - +3 ring of intelligence
rCorr    .         Harm     .   E - +6 ring of dexterity
MR       .....                  g - +3 ring of dexterity
Stlth    +++.......             (no ring)
HPRegen  0.22/turn              (no ring)
MPRegen  0.39/turn              (no ring)
                                (no ring)
                                (no ring)

@: no status effects
A: almost no armour, stealthy swim, amphibious, 8 rings, constrict 8, camouflage
1, gelatinous body 1
a: Heroism, Renounce Religion


You were on level 10 of the Dungeon.
You worshipped Okawaru.
Okawaru was greatly pleased with you.
You were not hungry.

You visited 2 branches of the dungeon, and saw 11 of its levels.

You collected 503 gold pieces.
You spent 28 gold pieces at shops.

Inventory:

Missiles
 a - 96 arrows
 o - 19 poisoned needles
 t - 247 stones (quivered)
 L - a throwing net
Armour
 M - a +1 hat (worn)
Jewellery
 g - a +3 ring of dexterity (on tentacle)
 B - a +3 ring of intelligence (left tentacle)
 D - an amulet of magic regeneration (around mantle)
 E - a +6 ring of dexterity (right tentacle)
Wands
 h - a wand of iceblast (7)
 s - a wand of paralysis (20)
 u - a wand of clouds (7)
 x - a wand of polymorph (12)
 y - a wand of flame (32)
 F - a wand of disintegration (21)
Scrolls
 d - 2 scrolls of amnesia {!r}
 i - 3 scrolls of noise {!r}
 n - a scroll of remove curse {!r}
 z - a scroll of fear {!r}
 A - a scroll of magic mapping {!r}
 C - a scroll of identify {!r}
 G - 4 scrolls of teleportation {!r}
Potions
 e - 4 potions of heal wounds {!q}
 f - a potion of resistance {!q, unknown}
 j - 2 potions of haste {!q, unknown}
 l - a potion of mutation {!q}
 m - a potion of agility {!q}
 p - 8 potions of curing {!q}
 q - a potion of invisibility {!q}
 r - 3 potions of might {!q}
 v - 2 potions of brilliance {!q}
 w - a potion of ambrosia {!q}
 I - 3 potions of lignification {!q}
 J - a potion of cancellation {!q, unknown}
Books
 b - a book of Changes

   Spells                             Type                      Level
   a - Beastly Appendage              Transmutation                1
   b - Sticks to Snakes               Transmutation                2
   c - Spider Form                    Transmutation/Poison         3
   d - Ice Form                       Ice/Transmutation            4
   e - Blade Hands                    Transmutation                5
 K - a book of Misfortune

   Spells                             Type                      Level
   a - Confusing Touch                Hexes                        1
   b - Confuse                        Hexes                        3
   c - Gell's Gravitas                Translocation                3
   d - Petrify                        Transmutation/Earth          4
   e - Metabolic Englaciation         Hexes/Ice                    5
   f - Yara's Violent Unravelling     Hexes/Transmutation          5
Comestibles
 c - 20 rations
 k - 8 chunks of flesh


   Skills:
 + Level 7.4 Fighting
 * Level 10.3 Dodging
 * Level 10.4 Unarmed Combat
 - Level 2.0 Spellcasting
 + Level 7.4 Transmutations
 + Level 3.3 Invocations


You had 4 spell levels left.
You knew the following spells:

 Your Spells              Type           Power        Failure   Level  Hunger
b - Sticks to Snakes      Tmut           ####....     1%          2    ###....
c - Ice Form              Ice/Tmut       ###.....     36%         4    #####..
e - Spider Form           Tmut/Pois      ###.......   12%         3    ###....
z - Confusing Touch       Hex            #.....       19%         1    #......


Dungeon Overview and Level Annotations

Branches:
Dungeon (10/15)            Temple (1/1) D:4
   Lair: D:8-11         Orc: D:9-12

Altars:
Ashenzari
Cheibriados
Dithmenos
Elyvilon
Fedhas
Gozag
Hepliaklqana
Kikubaaqudgha
Makhleb
Nemelex Xobeh
Okawaru
Qazlal
Ru
Sif Muna
Trog
Uskayaw
Vehumet
Wu Jian
Xom
Yredelemnul
Zin
The Shining One

Shops:
D:9 *


Innate Abilities, Weirdness & Mutations

You cannot wear most types of armour.
You are very stealthy in the water. (Stealth+)
You are amphibious.
You can wear up to eight rings at the same time.
You can use your tentacles to constrict eight enemies at once.
Your skin changes colour to match your surroundings (Stealth+).
Your rubbery body absorbs attacks. (AC +1, EV +1)


Message History

The sky beast is heavily wounded.
The sky beast hits you. The sky beast shocks you.
You bludgeon the sky beast! You squeeze the sky beast.
The sky beast is almost dead.
The sky beast closely misses you.
You tentacle-slap the sky beast.
You squeeze the sky beast, but do no damage.
The sky beast is almost dead.
You bludgeon the sky beast!
You kill the sky beast!
Okawaru accepts your kill.
There is a blossoming altar of Fedhas here.
You see here a sky beast corpse.
No target in view!
No target in view!
c - 19 rations (gained 1)
c - 20 rations (gained 1)
A vampire comes into view.
A vampire is nearby!
A troll comes into view.
The vampire points at you and mumbles some strange words.
You are confused.
Found 18 gold pieces.
A gnoll sergeant comes into view. It is wielding a trident of protection.
You are too confused!
Found a wand of flame (28).
Found a stone staircase leading down.
Found a scroll of magic mapping.
A gnoll comes into view. It is wielding a spear.
The gnoll sergeant shouts!
The gnoll shouts!
You hear a shout! x2
The vampire mumbles some strange words.
The vampire flickers and vanishes!
Deactivating autopickup; reactivate with Ctrl-A.
The gnoll sergeant barely misses you.
You feel less confused.
The gnoll sergeant hits you from afar with a trident of protection. 2 gnolls and an ogre come into view.
The gnoll shouts!
The gnoll completely misses you.
You hear some strange, mumbled words.
You are confused.
The gnoll sergeant completely misses you.
Something closely misses you. Something bites you!
* * * LOW HITPOINT WARNING * * *
Something draws strength from your injuries!
The gnoll hits you from afar with a spear.
* * * LOW HITPOINT WARNING * * *
Something closely misses you. Something barely misses you.
You bump into the rock wall.
The gnoll sergeant closely misses you. Something hits you!
* * * LOW HITPOINT WARNING * * *
Something bites you!
* * * LOW HITPOINT WARNING * * *
Something draws strength from your injuries!
The gnoll barely misses you.
You're too confused!
Unknown command.
You're too confused to move!
You feel less confused. The troll completely misses you.
The troll claws you but does no damage. The troll misses you.
The gnoll sergeant hits you but does no damage.
Something barely misses you. Something closely misses you.
The gnoll hits you from afar with a spear.
You die...

#.........#.# ♣♣♣♣♣...♣♣♣♣♣
#######.###.# ♣♣...♣♣
.......[....#♣♣♣♣♣.....♣♣♣♣♣
######...##...'......#......
#...##.###......#g.....
#...÷...........g......
#.......gg....###......
#########+#...Tgg....'........
#.......#....@{YO....###......
#.##....###.#)######## #......
#.##........#)# #......
#.##....###.#.# #......
#.########..#.##### #......
#.########..#.....# ......
#...........#####.#
##########..#####)####
#...........#


You could see a troll, an ice beast, an ogre, a gnoll sergeant and 3 gnolls.

Vanquished Creatures
  A hydra (D:9)
  5 two-headed ogres
  A polar bear (D:9)
  A hornet (D:8)
  6 yaks
  Eustachio (D:4)
  Duvessa (D:5)
  Edmund (D:4)
  A phantom (D:10)
  2 black bears (D:7)
  4 ice beasts
  6 orc warriors
  2 sky beasts (D:10)
  3 ogres
  A wolf (D:9)
  2 centaurs (D:7)
  A big kobold (D:7)
  Blork the orc (D:4)
  2 bullfrogs
  Dowan (D:5)
  A water moccasin zombie (D:10)
  2 scorpions
  3 killer bees
  4 wights
  A howler monkey (D:4)
  An electric eel (D:9)
  A bullfrog zombie (D:7)
  4 crimson imps
  2 hounds
  A centaur zombie (D:6)
  6 jellies
  4 orc priests
  6 bullfrog skeletons
  A centaur skeleton (D:8)
  2 iguanas
  Ijyb (D:3)
  Terence (D:3)
  10 orc wizards
  3 worker ants
  A hound zombie (D:8)
  3 hound skeletons
  Robin (D:3)
  10 gnolls
  6 adders
  3 shadow imps
  5 white imps (D:9)
  An ufetubus (D:9)
  5 oozes (D:8)
  An adder skeleton (D:4)
  An adder zombie (D:5)
  A worm (D:3)
  2 dart slugs
  4 leopard geckos
  28 orcs
  2 ball pythons
  11 bats
  5 giant cockroaches
  11 hobgoblins
  2 jackals (D:2)
  4 quokkas
  A frilled lizard (D:3)
  12 goblins
  8 kobolds
  2 rats
227 creatures vanquished.

Notes
Turn   | Place    | Note
-------+----------+-------------------------------------------
     0 | D:1      | Amnesiac the Octopode Transmuter began the quest for the Orb.
     0 | D:1      | Reached XP level 1. HP: 13/13 MP: 3/3
   264 | D:1      | Reached XP level 2. HP: 17/19 MP: 5/5
   268 | D:1      | Learned a level 2 spell: Sticks to Snakes
   291 | D:1      | You fall through a shaft!
   868 | D:2      | Reached XP level 3. HP: 16/24 MP: 6/6
   883 | D:2      | Learned a level 3 spell: Spider Form
   896 | D:2      | Found a faded altar of an unknown god.
  1445 | D:3      | Noticed Ijyb
  1550 | D:3      | Noticed Robin
  1554 | D:3      | Reached XP level 4. HP: 21/30 MP: 7/7
  1772 | D:3      | Killed Robin
  1839 | D:3      | Noticed Terence
  1867 | D:3      | Killed Terence
  1889 | D:3      | Noticed an ogre
  1993 | D:3      | Killed an ogre
  1993 | D:3      | Reached XP level 5. HP: 27/35 MP: 5/8
  2159 | D:3      | Reached XP level 6. HP: 39/41 MP: 9/9
  2182 | D:3      | Killed Ijyb
  2761 | D:4      | Reached XP level 7. HP: 12/46 MP: 2/10
  3025 | D:4      | Noticed Eustachio
  3039 | D:4      | Killed Eustachio
  3039 | D:4      | Reached skill level 5 in Unarmed Combat
  3160 | D:4      | Noticed Blork the orc
  3172 | D:4      | Killed Blork the orc
  3610 | D:4      | Found a staircase to the Ecumenical Temple.
  3913 | Temple   | Entered the Ecumenical Temple
  4176 | D:5      | Entered Level 5 of the Dungeon
  4201 | D:5      | Reached skill level 5 in Dodging
  4303 | D:5      | Found a blossoming altar of Fedhas.
  4389 | D:5      | HP: 1/47 [killer bee (9)]
  4391 | D:5      | Noticed Dowan
  4391 | D:5      | Noticed Edmund
  4393 | D:5      | Noticed Duvessa
  4726 | D:4      | Killed Edmund
  4726 | D:4      | Reached XP level 8. HP: 37/54 MP: 7/11
  4855 | D:5      | Killed Duvessa
  4861 | D:5      | Killed Dowan
  4938 | D:4      | Learned a level 4 spell: Ice Form
  6995 | D:6      | Reached XP level 9. HP: 35/59 MP: 12/12
  7503 | D:6      | Reached skill level 5 in Transmutations
  7532 | D:7      | Reached skill level 5 in Fighting
  8667 | D:8      | Noticed a hornet
  8714 | D:8      | Noticed a two-headed ogre
  8719 | D:8      | Killed a hornet
  8725 | D:8      | Killed a two-headed ogre
  8725 | D:8      | Reached XP level 10. HP: 28/68 MP: 13/13
  8944 | D:8      | Noticed a two-headed ogre
  8952 | D:8      | Killed a two-headed ogre
  9123 | D:8      | Found a shadowy altar of Dithmenos.
  9126 | D:8      | Found an ancient bone altar of Kikubaaqudgha.
  9129 | D:8      | Found an iron altar of Okawaru.
  9132 | D:8      | Found a bloodstained altar of Trog.
  9138 | D:8      | Became a worshipper of Warmaster Okawaru
  9693 | D:9      | Reached * piety under Okawaru
 10070 | D:9      | Noticed a five-headed hydra
 10185 | D:9      | Noticed a two-headed ogre
 10206 | D:9      | Killed a two-headed ogre
 10206 | D:9      | Reached ** piety under Okawaru
 10206 | D:9      | Reached skill level 1 in Invocations
 10206 | D:9      | Reached XP level 11. HP: 73/74 MP: 14/14
 10439 | D:9      | Found Kusac's Assorted Antiques.
 10445 | D:9      | Bought a scroll labeled KAUXTEA SOM VUKITS for 28 gold pieces
 10451 | D:9      | Learned a level 1 spell: Confusing Touch
 10844 | D:9      | Reached skill level 10 in Unarmed Combat
 10967 | D:9      | Killed a five-headed hydra
 11079 | D:10     | Entered Level 10 of the Dungeon
 11151 | D:10     | Reached skill level 10 in Dodging
 11155 | D:10     | Noticed a two-headed ogre
 11170 | D:10     | Killed a two-headed ogre
 11170 | D:10     | Reached *** piety under Okawaru
 11196 | D:10     | Found a blossoming altar of Fedhas.
 11458 | D:10     | Noticed a two-headed ogre
 11472 | D:10     | Killed a two-headed ogre
 11472 | D:10     | Reached **** piety under Okawaru
 11564 | D:10     | HP: 3/75 [something (14)]
 11565 | D:10     | Slain by a gnoll

Vault maps used:
D:1:      wheals_arrival_linesprint, minmay_misc_feat_five,
          hangedman_abyss_or_decor_lesser_grid
D:2:      chequers_ecumenical_altar_simple_redux
D:3:      uniq_terence, uniq_robin, uniq_ijyb
D:4:      temple_hall, uniq_blork_the_orc, uniq_eustachio
D:5:      basic_altar, first_ration, uniq_duvessa, uniq_edmund
D:8:      grunt_temple_overflow_cloverleaf, fountainhead,
          hangedman_little_slice_of_home
D:9:      serial_ice, serial_ice_l, serial_ice_h, serial_ice_d, serial_ice_e,
          serial_ice_c, serial_ice_g, serial_shops, shop, kennysheep_doodads
D:10:     fedhas_altar_fruit_tree
Temple:   hc_temple_tempest_star

Skill      XL: |  1  2  3  4  5  6  7  8  9 10 11 |
---------------+----------------------------------+-----
Fighting       | 2 3 4 6 7 |  7.4
Dodging        | 3 4 5 6 8 9 10 | 10.3
Unarmed Combat | 4 5 7 8 9 10 | 10.4
Transmutations | 3 4 6 7 |  7.4
Invocations    | 1 3 |  3.3
Spellcasting   | |  2.0

Action                   |  1- 3 |  4- 6 |  7- 9 | 10-12 || total
-------------------------+-------+-------+-------+-------++-------
Melee: Unarmed           |    85 |   117 |   295 |   290 ||   787
       Constrict         |    26 |    29 |    34 |    28 ||   117
       Tentacles         |    10 |    30 |    37 |    51 ||   128
       Punch             |     1 |     2 |    14 |    11 ||    28
Throw: Stone             |       |       |       |     1 ||     1
 Cast: Spider Form       |       |     3 |    18 |    11 ||    32
       Ice Form          |       |       |     1 |     4 ||     5
       Sticks to Snakes  |       |       |     1 |       ||     1
       Confusing Touch   |       |       |       |     1 ||     1
Evoke: Wand              |       |       |       |     6 ||     6
  Use: Scroll            |       |       |    12 |    13 ||    25
       Potion            |       |       |     5 |       ||     5
 Stab: Sleeping          |     7 |       |     4 |     5 ||    16
       Distracted        |       |       |     1 |     3 ||     4
  Eat: Chunk             |     2 |     4 |    15 |    10 ||    31
       Ration            |       |       |     2 |     1 ||     3
Armor: Skin              |     6 |     2 |     6 |    16 ||    30
Dodge: Dodged            |    48 |    61 |   337 |   253 ||   699

Table legend:
 A = Spawn XP
 B = Non-spawn XP
 C = Spawn XP percentage of total XP
 D = Spawn monster count
 E = Non-spawn monster count
 F = Spawn count percentage of total count
 G = Total turns spent on level
                    A         B        C        D         E        F      G
               +---------+---------+-------+---------+---------+-------+---------
         Total |       0 |   13969 |   0.0 |       0 |     227 |   0.0 | 11565
               +---------+---------+-------+---------+---------+-------+---------
           D:1 |       0 |      25 |   0.0 |       0 |      12 |   0.0 |   764
           D:2 |       0 |      50 |   0.0 |       0 |      22 |   0.0 |   707
           D:3 |       0 |     372 |   0.0 |       0 |      39 |   0.0 |  1162
           D:4 |       0 |     798 |   0.0 |       0 |      17 |   0.0 |  2506
           D:5 |       0 |     419 |   0.0 |       0 |       7 |   0.0 |   669
           D:6 |       0 |    1119 |   0.0 |       0 |      27 |   0.0 |  1754
           D:7 |       0 |    1067 |   0.0 |       0 |      22 |   0.0 |  1080
           D:8 |       0 |    2928 |   0.0 |       0 |      27 |   0.0 |   693
           D:9 |       0 |    4282 |   0.0 |       0 |      32 |   0.0 |  1519
          D:10 |       0 |    2909 |   0.0 |       0 |      22 |   0.0 |   486
               +---------+---------+-------+---------+---------+-------+---------
